 Dungeon Crawl Stone Soup version 0.29.1-15-g9cfb28693d (webtiles) character file.

Game seed: 6268885655812100776

128547 Peloso the Peltast (level 16, -1/151 HPs)
             Began as a Minotaur Fighter on Apr 5, 2023.
             Was the Champion of Okawaru.
             Shot with an arrow by something (11 damage)
             ... on level 3 of the Elven Halls.
             The game lasted 01:39:28 (32337 turns).

Peloso the Peltast (Minotaur Fighter)              Turns: 32337, Time: 01:39:29

Health: -1/151     AC: 26    Str: 35    XL:     16   Next: 48%
Magic:  18/18      EV: 13    Int:  5    God:    Okawaru [******]
Gold:   2318       SH: 18    Dex: 19    Spells: 15/15 levels left

rFire   + + +      SeeInvis .   a - +4 scimitar (flame)
rCold   + . .      Faith    .   c - +2 shield of Resistance {rF++ rC++ Will++}
rNeg    . . .      Spirit   .   O - +2 chain mail {Will+}
rPois   +          Reflect  .   R - +1 hat "Ginorrao" {rC- Will+++ rCorr Str+3}
rElec   .          Harm     .   V - +2 cloak of Terror {rF+ rCorr Dex+4 Stlth+}
rCorr   +          Rampage  .   D - +0 pair of gloves
Will    +++++                   Q - +2 pair of boots {Fly}
Stlth   ..........              t - amulet "Wafeheof" {rPois Regen+}
HPRegen 1.15/turn               B - ring of protection from cold
MPRegen 0.16/turn               f - ring "Hamu" {rPois rF+ rC- rCorr Str+8}

@: flying
A: horns 2, retaliatory headbutt
a: Renounce Religion, Heroism, Finesse, Duel


You were on level 3 of the Elven Halls.
You worshipped Okawaru.
Okawaru was exalted by your worship.
You visited 5 branches of the dungeon, and saw 26 of its levels.
You also visited: Ossuary, Gauntlet, Ice Cave and Volcano.

You collected 2767 gold pieces.
You spent 449 gold pieces at shops.

Inventory:

Hand Weapons
 a - a +4 scimitar of flaming (weapon)
 b - a +2 falchion of electrocution
 k - a -2 demon whip of venom
Armour
 c - the +2 shield of Resistance (worn) {rF++ rC++ Will++}
   (Okawaru gifted it to you on level 1 of the Elven Halls)

   rF:        It greatly protects you from fire.
   rC:        It greatly protects you from cold.
   Will:      It greatly increases your willpower.
 D - a +0 pair of gloves (worn)
 O - a +2 chain mail of willpower (worn)
 Q - a +2 pair of boots of flying (worn)
 R - the +1 hat "Ginorrao" (worn) {rC- Will+++ rCorr Str+3}
   (Okawaru gifted it to you on level 11 of the Dungeon)

   Str:       It affects your strength (+3).
   rC:        It makes you vulnerable to cold.
   rCorr:     It protects you from acid and corrosion.
   Will:      It greatly increases your willpower.
 V - the +2 cloak of Terror (worn) {rF+ rCorr Dex+4 Stlth+}
   (Okawaru gifted it to you on level 4 of the Lair of Beasts)

   Dex:       It affects your dexterity (+4).
   rF:        It protects you from fire.
   rCorr:     It protects you from acid and corrosion.
   Stlth:     It makes you more stealthy.
Jewellery
 f - the ring "Hamu" (right hand) {rPois rF+ rC- rCorr Str+8}
   (You took it off a minotaur in a Gauntlet)

   [ring of poison resistance]

   Str:       It affects your strength (+8).
   rF:        It protects you from fire.
   rC:        It makes you vulnerable to cold.
   rPois:     It protects you from poison.
   rCorr:     It protects you from acid and corrosion.
 i - a ring of ice
 t - the amulet "Wafeheof" (around neck) {rPois Regen+}
   (You found it on level 9 of the Dungeon)

   [amulet of regeneration]

   rPois:     It protects you from poison.
   Regen:     It increases your rate of health regeneration.
 u - a +6 ring of dexterity
 B - a ring of protection from cold (left hand)
Wands
 j - a wand of roots (10)
 r - a wand of flame (7)
 z - a wand of digging (8)
Scrolls
 g - a scroll of magic mapping
 h - a scroll of blinking
 l - 4 scrolls of immolation
 o - a scroll of enchant armour
 p - 7 scrolls of teleportation
 s - a scroll of brand weapon
 x - 5 scrolls of enchant weapon
 y - 3 scrolls of poison
 N - 12 scrolls of identify
Potions
 d - 5 potions of magic
 e - a potion of might
 m - a potion of mutation
 n - 3 potions of curing
 q - 3 potions of heal wounds
 C - 3 potions of berserk rage
 E - 3 potions of haste
 T - a potion of invisibility
 U - a potion of resistance


   Skills:
 + Level 15.9 Fighting
 + Level 6.3(11.9) Short Blades
 + Level 16.9(17.4) Long Blades
 + Level 1.2 Axes
 + Level 16.2 Armour
 + Level 7.0 Dodging
 + Level 1.5 Stealth
 + Level 19.8 Shields
 + Level 0.2 Unarmed Combat
 + Level 4.1 Invocations
 + Level 1.9 Evocations


You had 15 spell levels left.
You didn't know any spells.
Your spell library contained the following spells:

 Spells                   Type           Power      Damage    Failure   Level
 Beastly Appendage        Tmut           0%         N/A       89%         1
 Foxfire                  Conj/Fire      0%         2x1d4     89%         1
 Freeze                   Ice            0%         1d3       89%         1
 Magic Dart               Conj           0%         1d3       89%         1
 Slow                     Hex            0%         N/A       89%         1
 Sting                    Tmut/Pois      0%         1d3       89%         1
 Blink                    Tloc           0%         N/A       96%         2
 Static Discharge         Conj/Air       0%         3-3/arc   96%         2
 Wereblood                Tmut           0%         N/A       96%         2
 Conjure Flame            Conj/Fire      0%         6-21      99%         3
 Frozen Ramparts          Ice            0%         1d1       99%         3
 Inner Flame              Hex/Fire       0%         N/A       99%         3
 Lesser Beckoning         Tloc           0%         N/A       99%         3
 Mephitic Cloud           Conj/Pois/Air  0%         N/A       99%         3
 Ozocubu's Armour         Ice            0%         N/A       99%         3
 Portal Projectile        Hex/Tloc       0%         N/A       99%         3
 Spider Form              Tmut/Pois      0%         N/A       99%         3
 Anguish                  Hex/Necr       0%         N/A       100%        4
 Dispel Undead            Necr           0%         3d6       100%        4
 Flame Wave               Conj/Fire      0%         2d4       100%        4
 Fulminant Prism          Conj/Hex       0%         3d6       100%        4
 Hailstorm                Conj/Ice       0%         3d3       100%        4
 Ice Form                 Ice/Tmut       0%         N/A       100%        4
 Iskenderun's Mystic Bla  Conj/Tloc      0%         2d3       100%        4
 Leda's Liquefaction      Hex/Erth       0%         N/A       100%        4
 Sticky Flame             Conj/Fire      0%         2d3       100%        4
 Blade Hands              Tmut           0%         N/A       100%        5
 Lee's Rapid Deconstruct  Erth           0%         3d5*      100%        5
 Iron Shot                Conj/Erth      0%         9d1       100%        6
 Orb of Destruction       Conj           0%         9d5       100%        7
 Ozocubu's Refrigeration  Ice            0%         4d7       100%        7
 Call Imp                 Summ           Unusable   N/A       N/A         2
 Summon Guardian Golem    Hex/Summ       Unusable   N/A       N/A         3
 Animate Armour           Summ/Erth      Unusable   N/A       N/A         4
 Summon Ice Beast         Ice/Summ       Unusable   N/A       N/A         4
 Spellforged Servitor     Conj/Summ      Unusable   N/A       N/A         7

Dungeon Overview and Level Annotations

Branches:
Dungeon (15/15)            Temple (1/1) D:7            Lair (5/5) D:8
  Swamp (0/4) Lair:2        Snake (0/4) Lair:3        Slime (0/5) Lair:5
    Orc (2/2) D:9             Elf (3/3) Orc:2        Vaults (0/5) D:13
 Depths (0/4) D:15        Ossuary (visited)           IceCv (visited)
Volcano (visited)         Gauntlet (visited)

Altars:
Ashenzari
Dithmenos
Elyvilon
Fedhas
Gozag
Hepliaklqana
Kikubaaqudgha
Makhleb
Nemelex Xobeh
Okawaru
Qazlal
Ru
Sif Muna
Trog
Uskayaw
Vehumet
Wu Jian
Xom
Yredelemnul
Zin
The Shining One
Jiyva

Shops:
D:2 *   D:5 *   D:13 *   Orc:2 ([*=

Portals:
Trove: D:14 (give +6 demon whip)

Annotations:
Temple 2 transporters
Lair:5 1 runed translucent door
Elf:2 3 runed translucent doors


Innate Abilities, Weirdness & Mutations

You have a pair of horns on your head.
You reflexively headbutt those who attack you in melee.


Message History

The deep elf zephyrmancer hits you but does no damage.
You slash the deep elf zephyrmancer! You burn the deep elf zephyrmancer.
You kill the deep elf zephyrmancer!
Okawaru accepts your kill.
You block the +2 scimitar of holy wrath's attack.
The deep elf knight hits you with a +0 long sword!
The deep elf zephyrmancer casts a spell.
The deep elf zephyrmancer blinks!
The deep elf archer hits you with a +0 dagger.
The +2 scimitar of holy wrath hits you!
You hit the deep elf zephyrmancer. You burn the deep elf zephyrmancer.
You headbutt the deep elf zephyrmancer!
The deep elf zephyrmancer is moderately wounded.
You block the deep elf knight's attack.
You hear some strange, mumbled words.
A shard of ice appears from out of thin air!
You block the shard of ice.
The +2 scimitar of holy wrath hits you but does no damage.
The deep elf knight casts a spell at you.
The shard of ice hits you! You partially resist. Something hits you!
The deep elf zephyrmancer gestures at you while chanting.
The bolt of lightning misses you. The bolt of lightning hits you!
* * * LOW HITPOINT WARNING * * *
The deep elf zephyrmancer casts a spell.
The deep elf zephyrmancer blinks!
The deep elf archer gestures wildly while chanting.
The deep elf archer blinks!
Blink to where?
Press: ? - help, Dir - move target
As you read the scroll of blinking, it crumbles to dust.
The deep elf zephyrmancer gestures at you while chanting.
The bolt of lightning hits you!!
* * * LOW HITPOINT WARNING * * *
The bolt of lightning misses you.
The deep elf archer unwields a +0 dagger.
The deep elf archer wields a +0 shortbow.
The deep elf archer shoots an arrow.
You block the arrow.
You hear a loud twanging sound.
An arrow appears from out of thin air!
The arrow hits you!
You die...

##.........##
#...........#
#.....§§...e#
.....♣ee...#
#......{....#
#.......(...#
##...e..e..##
#+.e.....#+
##....@##
###+###


You could see a deep elf archer (repels missiles), a deep elf knight (fast), a
deep elf pyromancer, 3 deep elf zephyrmancers and a +2 scimitar of holy wrath.

Vanquished Creatures
  Kirke (Lair:2)
  A deep elf sorcerer (Elf:1)
  Louise (D:13)
  2 orc warlords
  A deep elf demonologist (Elf:2)
  Azrael (Elf:1)
  2 minotaurs
  A red draconian (Volcano)
  3 hydras
  2 boulder beetles
  3 vault guards (D:13)
  Erolcha (D:10)
  5 centaur warriors
  2 ironbound frosthearts (IceCv)
  The ghost of MacCMillion the Skirmisher, a novice DgHu (Lair:1)
  4 orc high priests (Orc:2)
  4 dancing weapons
  7 two-headed ogres
  6 death yaks (IceCv)
  3 tengu warriors
  4 deep elf knights
  Sonja (Lair:5)
  Amaemon (D:11)
  A salamander mystic (Volcano)
  3 skeletal warriors (D:15)
  7 deep elf archers
  12 deep elf zephyrmancers
  3 wizards
  A necromancer (D:15)
  Pikel (D:8)
  11 orc knights
  5 orc sorcerers
  4 salamanders (Volcano)
  18 deep elf pyromancers
  11 ugly things
  4 cyclopes
  4 manticores
  A salamander (shapeshifter) (Elf:1)
  An ice statue (IceCv)
  3 black mambas
  A gargoyle (D:13)
  2 centaur skeletons (D:15)
  21 cane toads
  An orange demon (D:11)
  A torpor snail (Lair:4)
  6 rime drakes
  An unseen horror (D:13)
  5 kobold demonologists
  The ghost of Heoruswealwe the Magician, a novice DEEE of Gozag (D:5)
  9 komodo dragons
  A yaktaur (D:15)
  5 trolls
  6 meliai
  A queen bee (Lair:3)
  3 tyrant leeches (Lair:5)
  11 polar bears
  Grinder (D:6)
  A blink frog (shapeshifter) (D:14)
  14 blink frogs
  A wolf spider simulacrum (D:14)
  5 slime creatures
  2 wyverns
  A culicivora (shapeshifter) (D:14)
  An air elemental (Elf:1)
  2 shadows
  76 yaks
  2 vampires
  4 wraiths
  5 basilisks
  4 hogs (Lair:2)
  5 humans
  A water elemental (Elf:2)
  4 fire elementals
  Eustachio (D:5)
  A golden eye (shapeshifter) (D:14)
  Menkaure (D:7)
  12 vampire mosquitoes
  3 wargs
  4 nagas
  8 water moccasins
  3 hell hounds (Elf:1)
  A swamp drake (D:9)
  4 black bears
  6 ogres
  45 orc warriors
  A sky beast (D:5)
  3 boggarts (D:14)
  19 wolves
  3 phantoms
  9 centaurs
  3 kobold brigands
  A lemure (D:8)
  Blork the orc (D:6)
  14 bullfrogs
  An earth elemental (Elf:2)
  2 necrophages (D:6)
  3 gnoll sergeants
  4 scorpions
  4 water moccasin zombies (Ossuary)
  4 wights
  28 killer bees
  5 howler monkeys
  2 electric eels (Lair:5)
  6 hounds
  27 orc priests
  A gnoll bouda (D:6)
  Crazy Yiuf (D:6)
  A boggart zombie (D:15)
  2 iguanas (D:5)
  36 orc wizards
  2 mummies (Ossuary)
  23 gnolls
  7 adders
  3 shadow imps
  7 white imps
  2 ufetubi
  2 adder zombies (Ossuary)
  A dart slug (D:3)
  87 orcs
  9 ball pythons
  5 bats
  5 endoplasms
  3 giant cockroaches
  3 gnoll zombies (Ossuary)
  6 goblins
  7 hobgoblins
  15 kobolds
  3 quokkas
  2 frilled lizards (D:2)
  4 hobgoblin zombies (Ossuary)
  2 kobold zombies (Ossuary)
  5 orc zombies (Ossuary)
  2 rats
826 creatures vanquished.

Vanquished Creatures (others)
  A deep elf knight (Elf:1)
  2 wizards
  A deep elf zephyrmancer (Elf:1)
  A deep elf pyromancer (Elf:1)
  A boggart (D:14)
  2 orc wizards
  A shadow imp (Gauntlet)
  26 fungi
  73 plants
108 creatures vanquished.

Grand Total: 934 creatures vanquished

Notes
Turn   | Place    | Note
-------+----------+-------------------------------------------
     0 | D:1      | Peloso the Minotaur Fighter began the quest for the Orb.
     0 | D:1      | Reached XP level 1. HP: 19/19 MP: 0/0
   357 | D:1      | Reached XP level 2. HP: 27/27 MP: 1/1
   366 | D:1      | Found a faded altar of an unknown god.
   374 | D:1      | Got Plato's Folio of Transmutation
   750 | D:1      | Reached XP level 3. HP: 19/33 MP: 2/2
  1354 | D:2      | Reached skill level 4 in Shields
  1521 | D:2      | Found Pufyseq's Assorted Antiques.
  1529 | D:2      | Bought a puce potion for 22 gold pieces
  1529 | D:2      | Bought a scroll labelled PIENEKL FENTOGI for 25 gold pieces
  1529 | D:2      | Bought a scroll labelled PIENEKL FENTOGI for 25 gold pieces
  2282 | D:3      | Reached XP level 4. HP: 38/41 MP: 3/3
  2966 | D:4      | Noticed a centaur
  2975 | D:4      | Killed a centaur
  2976 | D:4      | Reached skill level 1 in Dodging
  2976 | D:4      | Reached XP level 5. HP: 35/47 MP: 4/4
  2980 | D:4      | Identified the +2 short sword "Cefamaoc" {speed, rN+ Will+
                  | rCorr Int+2}
  3058 | D:4      | Reached skill level 5 in Armour
  3058 | D:4      | Reached XP level 6. HP: 17/55 MP: 5/5
  3124 | D:4      | Found a white marble altar of Elyvilon.
  3127 | D:4      | Found a bloodstained altar of Trog.
  3166 | D:4      | Reached skill level 5 in Fighting
  3260 | D:4      | Reached skill level 5 in Long Blades
  3716 | D:4      | Reached skill level 1 in Short Blades
  3974 | D:5      | Entered Level 5 of the Dungeon
  4186 | D:5      | Reached XP level 7. HP: 61/61 MP: 6/6
  4212 | D:5      | Found Fus Sauq's Assorted Antiques.
  4224 | D:5      | Bought a scroll labelled POMUVA PASTRO for 24 gold pieces
  4224 | D:5      | Bought 2 yellow potions for 43 gold pieces
  4338 | D:5      | Reached skill level 5 in Shields
  4785 | D:5      | Found a runed translucent door.
  4787 | D:5      | Noticed Heoruswealwe's ghost (novice DEEE)
  4788 | D:5      | Noticed a two-headed ogre
  5322 | D:6      | Reached XP level 8. HP: 65/70 MP: 7/7
  5324 | D:6      | Noticed Blork the orc
  5339 | D:6      | Killed Blork the orc
  5586 | D:6      | Noticed Grinder
  5588 | D:6      | Noticed Eustachio
  5868 | D:5      | Killed Eustachio
  5869 | D:5      | Reached skill level 5 in Short Blades
  5893 | D:6      | Killed Grinder
  6050 | D:6      | HP: 1/71 [orc warrior/+0 halberd (12)]
  6206 | D:6      | Reached skill level 6 in Shields
  6530 | D:7      | Reached XP level 9. HP: 79/79 MP: 8/8
  6580 | D:7      | Found a staircase to the Ecumenical Temple.
  6602 | Temple   | Entered the Ecumenical Temple
  6602 | Temple   | Found a transporter.
  6602 | Temple   | Found a transporter.
  6617 | Temple   | Found a transporter.
  6617 | Temple   | Found a transporter.
  6627 | Temple   | Became a worshipper of Warmaster Okawaru
  6693 | D:7      | Found a transporter.
  6702 | D:7      | Noticed Menkaure
  6711 | D:7      | Found a transporter.
  6711 | D:7      | Found a basalt altar of Yredelemnul.
  6721 | D:7      | Found an ancient bone altar of Kikubaaqudgha.
  6998 | D:8      | Noticed Pikel
  7033 | D:8      | Killed Pikel
  7045 | D:8      | Reached skill level 7 in Shields
  7144 | D:8      | Found a staircase to the Lair.
  7400 | D:8      | Found a sand-covered staircase.
  7407 | Ossuary  | Entered an ossuary
  7440 | Ossuary  | Reached * piety under Okawaru
  7706 | D:8      | Noticed a two-headed ogre
  7862 | D:9      | Identified the amulet "Wafeheof" {rPois Regen+}
  7887 | D:9      | Reached XP level 10. HP: 62/88 MP: 9/9
  8119 | D:9      | Reached ** piety under Okawaru
  8563 | D:9      | Found a staircase to the Orcish Mines.
  8714 | D:10     | Entered Level 10 of the Dungeon
  8754 | D:10     | Noticed an orange demon
  8756 | D:10     | Noticed a sixfirhy
  8758 | D:10     | Noticed a smoke demon
  8762 | D:10     | Noticed a rust devil
  8763 | D:10     | Noticed a rust devil
  8812 | D:9      | Noticed a rust devil
  8841 | D:9      | Noticed a sixfirhy
  8843 | D:9      | Reached skill level 10 in Armour
  8843 | D:9      | Reached skill level 8 in Shields
  8928 | D:10     | Noticed a two-headed ogre
  8938 | D:10     | Noticed a two-headed ogre
  8941 | D:10     | Killed a two-headed ogre
  8941 | D:10     | Reached *** piety under Okawaru
  8942 | D:10     | Reached skill level 1 in Invocations
  8976 | D:10     | Killed a two-headed ogre
  8977 | D:10     | Reached skill level 10 in Long Blades
  9257 | D:10     | Reached XP level 11. HP: 87/97 MP: 11/11
  9571 | D:10     | Reached skill level 1 in Evocations
  9755 | D:10     | Identified the +1 ring mail of the Depths {Will+}
 10447 | D:6      | Found a runed translucent door.
 10448 | D:6      | Noticed Crazy Yiuf
 10597 | D:6      | Found a sparkling altar of Nemelex Xobeh.
 10915 | D:6      | Killed Crazy Yiuf
 11117 | D:11     | Noticed a boulder beetle
 11181 | Lair:1   | Entered Level 1 of the Lair of Beasts
 11714 | D:8      | Killed a two-headed ogre
 12020 | D:8      | Reached **** piety under Okawaru
 12141 | Lair:1   | Reached skill level 1 in Stealth
 12141 | Lair:1   | Reached skill level 9 in Shields
 12846 | Lair:1   | Found a runed translucent gate.
 12846 | Lair:1   | Found a runed translucent gate.
 12847 | Lair:1   | Found a runed translucent gate.
 12848 | Lair:1   | Noticed a minotaur
 12882 | Lair:1   | Reached skill level 5 in Dodging
 12898 | Lair:1   | Reached skill level 10 in Fighting
 12944 | Lair:1   | Noticed MacCMillion's ghost (novice DgHu)
 13091 | Lair:1   | Reached ***** piety under Okawaru
 13435 | Lair:2   | Noticed a five-headed hydra
 13684 | Orc:1    | Entered Level 1 of the Orcish Mines
 13684 | Orc:1    | Noticed an orc knight
 13686 | Orc:1    | Noticed an orc sorcerer
 13758 | D:9      | Killed an orc sorcerer
 13769 | D:9      | Killed an orc knight
 13809 | Orc:1    | Noticed an orc warlord
 13897 | D:9      | Killed an orc warlord
 13898 | D:9      | Reached XP level 12. HP: 57/107 MP: 12/12
 14265 | Orc:1    | Identified the +0 hat of the Modern Bounties {Harm *Corrode
                  | Dex+2 Stlth+} (Okawaru gifted it to you on level 1 of the
                  | Orcish Mines)
 14265 | Orc:1    | Received a gift from Okawaru
 14274 | Orc:1    | Reached skill level 10 in Shields
 14987 | Orc:2    | Entered Level 2 of the Orcish Mines
 14988 | Orc:2    | Found a staircase to the Elven Halls.
 16094 | Orc:2    | Paralysed by an orc sorcerer for 5 turns
 16254 | Orc:2    | Noticed an orc warlord
 16279 | Orc:2    | Noticed an orc high priest
 16287 | Orc:2    | Killed an orc warlord
 16296 | Orc:2    | Killed an orc high priest
 16318 | Orc:2    | Noticed an orc high priest
 16606 | Orc:2    | Killed an orc high priest
 16789 | Orc:2    | Noticed an orc high priest
 16831 | Orc:2    | Reached XP level 13. HP: 78/118 MP: 14/14
 16840 | Orc:2    | HP: 3/118 [orc high priest/divine providence (12)]
 17001 | Orc:2    | Reached skill level 11 in Shields
 17051 | Orc:2    | Paralysed by an orc sorcerer for 4 turns
 17223 | Orc:2    | Found Xamoduon's Antique Armour Shoppe.
 17224 | Orc:2    | Found Wetacsec's Antique Weapon Shoppe.
 17226 | Orc:2    | Found Cuhuzifyi's General Store.
 17226 | Orc:2    | Found Woin's Jewellery Emporium.
 17244 | Orc:2    | Bought a pair of embroidered boots for 150 gold pieces
 17261 | Orc:2    | Bought a runed scarf for 160 gold pieces
 17587 | D:11     | Noticed Erolcha
 17614 | D:10     | Killed Erolcha
 17614 | D:10     | Received a gift from Okawaru
 17684 | D:11     | Noticed Amaemon
 17702 | D:11     | Killed Amaemon
 17717 | D:11     | Reached skill level 12 in Shields
 17785 | D:11     | Identified the +1 hat "Ginorrao" {rC- Will+++ rCorr Str+3}
                  | (Okawaru gifted it to you on level 11 of the Dungeon)
 17785 | D:11     | Received a gift from Okawaru
 18466 | Lair:2   | Found a staircase to the Swamp.
 19279 | Lair:3   | Noticed Kirke
 19441 | Lair:3   | Noticed a sphinx
 19457 | Lair:2   | Killed Kirke
 19458 | Lair:2   | Reached skill level 13 in Shields
 19678 | Lair:3   | Found a staircase to the Snake Pit.
 20530 | Lair:3   | Reached XP level 14. HP: 129/129 MP: 13/15
 20999 | Lair:4   | Found a dark tunnel.
 21004 | Volcano  | Entered a volcano
 21050 | Volcano  | Reached skill level 14 in Shields
 21191 | Volcano  | Received a gift from Okawaru
 21286 | Lair:4   | Found a frozen archway.
 21295 | IceCv    | Entered an ice cave
 21662 | IceCv    | Reached skill level 15 in Long Blades
 21715 | IceCv    | Received a gift from Okawaru
 21888 | IceCv    | Reached skill level 15 in Shields
 22113 | IceCv    | Reached skill level 15 in Armour
 22542 | Lair:4   | Identified the +2 cloak of Terror {rF+ rCorr Dex+4 Stlth+}
                  | (Okawaru gifted it to you on level 4 of the Lair of Beasts)
 22542 | Lair:4   | Received a gift from Okawaru
 22855 | Lair:5   | Entered Level 5 of the Lair of Beasts
 22872 | Lair:5   | Noticed Sonja
 22876 | Lair:5   | Killed Sonja
 23251 | Lair:5   | Reached skill level 16 in Shields
 23751 | Lair:5   | Found a runed translucent door.
 23751 | Lair:5   | Found a viscous altar of Jiyva.
 23751 | Lair:5   | Found a staircase to the Slime Pits.
 23751 | Lair:5   | Noticed an azure jelly
 23751 | Lair:5   | Noticed an azure jelly
 23895 | Lair:5   | Reached XP level 15. HP: 139/139 MP: 16/16
 24518 | D:5      | Killed Heoruswealwe's ghost
 24519 | D:5      | Reached skill level 1 in Axes
 24712 | D:7      | Killed Menkaure
 24741 | D:7      | Got the Collected Works on Superposition and the Ground
 24880 | Lair:1   | Killed MacCMillion's ghost
 25404 | Elf:1    | Entered Level 1 of the Elven Halls
 25498 | Elf:1    | Reached skill level 17 in Shields
 25513 | Elf:1    | Paralysed by an air elemental for 1 turns
 25671 | Elf:1    | Noticed a deep elf sorcerer
 25677 | Elf:1    | Received a gift from Okawaru
 25677 | Elf:1    | Found the +2 shield of Resistance {rF++ rC++ Will++}
 25700 | Elf:1    | Killed a deep elf sorcerer
 25724 | Elf:1    | HP: 4/139 [+0 glaive of venom (14)]
 26227 | Elf:1    | Noticed Azrael
 26256 | Elf:1    | Killed Azrael
 26903 | D:12     | Found a white marble altar of Elyvilon.
 26951 | D:12     | Reached skill level 18 in Shields
 27148 | D:12     | Reached skill level 15 in Fighting
 27701 | D:13     | Found Qido's Assorted Antiques.
 27812 | D:13     | Found a gate leading to a gauntlet.
 27824 | Gauntlet | Entered a Gauntlet
 27824 | Gauntlet | Found a transporter.
 27824 | Gauntlet | Found a transporter.
 27824 | Gauntlet | Found a transporter.
 27824 | Gauntlet | Found a transporter.
 27834 | Gauntlet | Found a transporter.
 27848 | Gauntlet | Found a transporter.
 27863 | Gauntlet | Found a transporter.
 27883 | Gauntlet | Found a transporter.
 27892 | Gauntlet | Found a transporter.
 27904 | Gauntlet | Found a transporter.
 27949 | Gauntlet | Found a transporter.
 27998 | Gauntlet | Found a transporter.
 28105 | Gauntlet | HP: 7/141 [meliai/+0 hand axe (6)]
 28287 | Gauntlet | Identified the +8 short sword "Qaasezxe" {vorpal, *Rage
                  | rN++ Will+ Dex+2}
 28287 | Gauntlet | Identified the ring "Hamu" {rPois rF+ rC- rCorr Str+8}
 28324 | Gauntlet | Got Sif Muna's Tome of Bewitchment
 28334 | Gauntlet | Got the Precepts of Reshaped Peregrination
 28670 | D:13     | Identified the +1 kite shield of the Equator {MP+9}
                  | (Okawaru gifted it to you on level 13 of the Dungeon)
 28670 | D:13     | Received a gift from Okawaru
 28842 | D:13     | Found a gate to the Vaults.
 29254 | D:14     | Found a portal to a secret trove of treasure.
 29535 | D:14     | Reached skill level 19 in Shields
 29682 | D:14     | Reached ****** piety under Okawaru
 29709 | D:14     | Noticed Louise
 29763 | D:13     | Killed Louise
 29764 | D:13     | Reached XP level 16. HP: 149/149 MP: 18/18
 29964 | D:14     | Found an opulent altar of Gozag.
 30236 | D:15     | Entered Level 15 of the Dungeon
 30885 | D:15     | Found a staircase to the Depths.
 31523 | Elf:2    | Received a gift from Okawaru
 31894 | Elf:2    | Found a runed translucent gate.
 31894 | Elf:2    | Found a runed translucent gate.
 31894 | Elf:2    | Found a runed translucent gate.
 31949 | Elf:2    | Noticed an Executioner
 32325 | Elf:3    | Entered Level 3 of the Elven Halls
 32337 | Elf:3    | Shot with an arrow by something

Illustrated notes

Levels and vault maps discovered:
D:1:      minmay_arrival_solitary_statue, layout_basic,
          shapermc_ecumenical_altar_rom_forum, serial_forest,
          infiniplex_forest_lined_2, infiniplex_forest_straight_2,
          infiniplex_forest_clump_curved, infiniplex_forest_lined_room_2,
          infiniplex_forest_diagonal
D:2:      layout_basic, serial_shops, shop
D:3:      layout_basic, st_stairs_1, chequers_big_river
D:4:      layout_basic, chequers_temple_overflow_statue_of_worship
D:5:      layout_basic, serial_shops, nicolae_shop_competitors_out_of_business,
          ebering_ghost_inner_flame, st_stairs_3, minmay_starry_boxes
D:6:      layout_cave_pods, nemelex_dance_club_becter, uniq_crazy_yiuf_cottage,
          uniq_eustachio, uniq_blork_the_orc, uniq_grinder
D:7:      layout_cave_pools, gammafunk_temple_of_torment,
          minmay_temple_entry_waves, nicolae_concentric_dashed_squares_wild
D:8:      layout_layer_cave, dpeg_oklobed_lair, enter_ossuary_1, uniq_pikel
D:9:      layout_rooms, erik_orc_1
D:10:     layout_basic, grunt_decor_cap
D:11:     layout_cave_pools, serial_glass, glass_columns_c, glass_columns_a,
          uniq_amaemon, uniq_erolcha
D:12:     layout_loops_ring, elyvilon_altar_1
D:13:     layout_gridville, grunt_vaults_entry_fortified, serial_shops,
          nicolae_square_shop, gauntlet_entry_generic
D:14:     wad_cavern_with_rooms, layout_rooms, chequers_decorated_corner,
          trove_entry_hex_spiral, nicolae_gozag_cash_rules_everything_around_me,
          uniq_louise
D:15:     grunt_enter_depths_magical_seal, layout_loops_cross,
          minmay_misc_feat_square
Temple:   hellmonk_temple_divided_pantheon
Lair:1:   layout_cave_shapes, maelrawn_ghost_gauntlet_escape
Lair:2:   layout_roguey, swamp_mist
Lair:3:   layout_layer_cave, minmay_snake_entry_guardpost_small, special_room
          [special_room_bee], uniq_kirke
Lair:4:   layout_roguey, portal_ice_cave_entry_pillars_1, enter_volcano_4
Lair:5:   minmay_lair_end_frog_pond, layout_layer_cave, slime_entry_2,
          chequers_serial_rivers_small_a, uniq_sonja
Orc:1:    layout_diamond_mine, special_room [special_room_orc]
Orc:2:    st_orc_congregation, layout_diamond_mine
Elf:1:    layout_rooms, minmay_elf_demonology, uniq_azrael
Elf:2:    elven_hall_of_blades_hangedman_original
          [nicolae_blade_entry_sentries_behind_glass], layout_geoelf_octagon,
          minmay_strange_pillars, lemuel_upstairs_altar
Elf:3:    minmay_elf_hall_x, layout_geoelf_octagon, serial_shops,
          nicolae_shop_statue_plus, serial_corexii_hall,
          chequers_hall_statues_corner_a, chequers_hall_statues_corner_a

Skill      XL: |  1  2  3  4  5  6  7  8  9 10 11 12 13 14 15 16 |
---------------+-------------------------------------------------+-----
Fighting       | 4 5 6 7 8 9 10 12 13 14 15 | 15.9
Armour         | 4 5 6 7 9 10 12 13 14 15 16 | 16.2
Shields        | 4 5 6 7 8 9 10 13 16 19 | 19.8
Long Blades    | 3 4 5 7 10 12 13 14 15 16 | 16.9
Dodging        | 1 2 3 4 5 6 7 |  7.0
Short Blades   | 2 3 6 |  6.3
Invocations    | 1 2 3 4 |  4.1
Evocations     | 1 |  1.9
Stealth        | 1 |  1.5
Axes           | 1 |  1.2
Unarmed Combat | |  0.2

Action                   |  1- 3 |  4- 6 |  7- 9 | 10-12 | 13-15 | 16-18 || total
-------------------------+-------+-------+-------+-------+-------+-------++-------
Melee: Long sword        |   101 |    44 |       |       |       |       ||   145
       Headbutt          |    16 |    24 |   125 |   312 |   553 |    79 ||  1109
       Short sword       |       |    81 |   221 |       |       |       ||   302
       Falchion          |       |       |   325 |  1351 |  1586 |       ||  3262
       Unarmed           |       |       |       |     5 |       |       ||     5
       Dagger            |       |       |       |       |    20 |       ||    20
       Broad axe         |       |       |       |       |     7 |       ||     7
       Scimitar          |       |       |       |       |   341 |   296 ||   637
Invok: Heroism           |       |       |       |    50 |    30 |     1 ||    81
       Finesse           |       |       |       |       |     1 |       ||     1
Evoke: Wand              |       |       |       |     9 |     8 |       ||    17
  Use: Scroll            |     6 |     4 |     8 |     1 |    10 |     1 ||    30
       Potion            |     2 |     1 |     2 |     4 |    14 |       ||    23
 Stab: Confused          |       |       |       |     1 |       |       ||     1
Armor: Scale mail        |    56 |     3 |       |       |       |       ||    59
       Chain mail        |       |    61 |   198 |    24 |   290 |   103 ||   676
       Plate armour      |       |       |       |   437 |   405 |       ||   842
Dodge: Dodged            |    48 |    35 |   178 |   389 |   496 |    78 ||  1224
Block: Buckler           |    20 |    30 |   125 |   334 |       |       ||   509
       Kite shield       |       |       |       |    14 |   984 |   226 ||  1224
       Tower shield      |       |       |       |       |   600 |       ||   600
